 Dungeon Crawl Stone Soup version 0.24-a0-307-gf989941 (webtiles) character file.

Game seed: 9584722387825759533

65 Iscandelvey the Vexing (level 3, -3/26 HPs)
             Began as a Demonspawn Arcane Marksman on May 12, 2019.
             Slain by an orc priest
             ... wielding a +0 flail
              (9 damage)
             ... on level 3 of the Dungeon.
             The game lasted 00:06:40 (2516 turns).

Iscandelvey the Vexing (Demonspawn Arcane Marksman) Turns: 2516, Time: 00:06:41

Health: -3/26      AC:  3    Str: 10    XL:     3   Next: 94%
Magic:  5/5        EV: 12    Int: 15    God:
Gold:   99         SH:  0    Dex: 13    Spells: 2/5 levels left

rFire    . . .     SeeInvis .   v - +4 flail
rCold    . . .     Gourm    .   (no shield)
rNeg     . . .     Faith    .   e - +0 robe
rPois    .         Spirit   .   (no helmet)
rElec    .         Reflect  .   (no cloak)
rCorr    .         Harm     .   (no gloves)
MR       .....                  q - +0 pair of boots
Stlth    +.........             (no amulet)
HPRegen  0.08/turn              (no ring)
MPRegen  0.09/turn              (no ring)

@: no status effects
A: powered by death 1
a: no special abilities


You were on level 3 of the Dungeon.
You were not hungry.

You visited 1 branch of the dungeon, and saw 3 of its levels.

You collected 99 gold pieces.

Inventory:

Hand Weapons
 a - a +0 hand crossbow
 g - a +0 club
 s - a +0 short sword
 v - a +4 flail (weapon)
Missiles
 d - 16 bolts
 i - 3 poisoned darts (quivered)
 m - 30 sling bullets
Armour
 e - a +0 robe (worn)
 q - a +0 pair of boots (worn)
Jewellery
 h - a cursed ring of teleportation {unknown}
Scrolls
 b - a scroll of remove curse {unknown}
 c - 3 scrolls of identify {unknown}
 j - a scroll of noise {unknown}
 o - a scroll of amnesia {unknown}
Potions
 k - a potion of mutation {unknown}
 l - a potion of invisibility {unknown}
 n - a potion of might {unknown}
 p - 2 potions of curing {unknown}
 t - a potion of haste {unknown}
 u - a potion of heal wounds {unknown}
Comestibles
 f - 6 rations
 r - 8 chunks of flesh


   Skills:
 - Level 1.0 Fighting
 * Level 2.4 Crossbows
 + Level 2.2 Dodging
 * Level 1.9 Spellcasting
 + Level 3.6 Hexes


You had 2 spell levels left.
You knew the following spells:

 Your Spells              Type           Power        Failure   Level  Hunger
a - Corona                Hex            ##.....      4%          1    ##.....
b - Slow                  Hex            ##......     8%          2    ###....

Your spell library contained the following spells:

 Spells                   Type           Power        Failure   Level  Hunger
 Inner Flame              Hex/Fire       #.......     32%         3    ####...
 Portal Projectile        Hex/Tloc       #.....       32%         3    ####...
 Cause Fear               Hex            ##........   45%         4    #####..
 Leda's Liquefaction      Hex/Erth       #.........   71%         4    #####..


Dungeon Overview and Level Annotations

Branches:
Dungeon (3/15)

Altars:
The Shining One


Innate Abilities, Weirdness & Mutations

You regenerate a little health from kills.


Message History

You sock the orc!
You kill the orc!
The orc priest looks encouraged for a moment.
You closely miss the orc priest.
The orc priest hits you with a +0 flail.
You hit the orc priest.
The orc priest is moderately wounded.
The orc priest misses you.
You barely miss the orc priest.
The orc priest is moderately wounded.
The orc priest hits you with a +0 flail.
You hit the orc priest.
The orc priest is severely wounded.
The orc priest closely misses you.
You barely miss the orc priest.
The orc priest is severely wounded.
The orc priest hits you with a +0 flail!
* * * LOW HITPOINT WARNING * * *
The orc priest hits you with a +0 flail!
You die...

#.# #####.#.....##
#.# #.#.#..÷.#
#.#######.#.÷.##.#
#............###<#
#########.##.# #.#
#.##.# #.# #(##.#
#)# #(##.# #.#
#@##.# #.# #o##.#
#.# .o...# #.#
.#(## #.#
..........)# ##
#.######## #.# #.#


You could see an orc priest and an orc.

Vanquished Creatures
  2 adders (D:2)
  A worm (D:3)
  A leopard gecko (D:1)
  2 orcs (D:3)
  5 giant cockroaches
  3 hobgoblins (D:2)
  2 jackals (D:2)
  2 quokkas
  A ball python (D:2)
  7 bats
  2 frilled lizards (D:2)
  4 goblins
  6 kobolds
  3 rats
41 creatures vanquished.

Notes
Turn   | Place    | Note
-------+----------+-------------------------------------------
     0 | D:1      | Iscandelvey the Demonspawn Arcane Marksman began the quest
                  | for the Orb.
     0 | D:1      | Reached XP level 1. HP: 15/15 MP: 2/2
   333 | D:1      | Gained mutation: You regenerate a little health from kills.
                  | [demonic ancestry]
   333 | D:1      | Reached XP level 2. HP: 21/21 MP: 3/3
  1287 | D:2      | Reached XP level 3. HP: 12/26 MP: 5/5
  1526 | D:2      | Learned a level 2 spell: Slow
  1623 | D:2      | Found a faded altar of an unknown god.
  2247 | D:2      | Found a glowing golden altar of the Shining One.
  2516 | D:3      | Slain by an orc priest

Levels and vault maps discovered:
D:1:      dpeg_arrival_more_subterranean_lakeside_camping, layout_loops_corners
D:2:      layout_basic, chequers_ecumenical_altar_simple_redux, minivault_23,
          nicolae_tso_carved_into_rock
D:3:      layout_loops_ring, first_ration

Skill      XL: |  1  2 |
---------------+-------+-----
Dodging        | 2 |  2.2
Crossbows      | 2 |  2.4
Fighting       | |  1.0
Spellcasting   | |  1.9
Hexes          | |  3.6

Action                   || total
-------------------------++-------
Melee: Club              ||   133
       Flail             ||    11
       Short sword       ||     5
 Fire: Hand crossbow     ||    27
Throw: Boomerang         ||     3
       Dart              ||    16
 Cast: Corona            ||    12
       Slow              ||     8
 Stab: Sleeping          ||     1
  Eat: Chunk             ||     6
Armor: Robe              ||    41
Dodge: Dodged            ||   151

Table legend:
 A = Non-vault XP
 B = Vault XP
 C = Vault XP percentage of total XP
 D = Non-vault monster count
 E = Vault monster count
 F = Vault count percentage of total count
                 A         B        C        D         E       F
            +---------+---------+-------+---------+---------+-------
      Total |      94 |       0 |   0.0 |      41 |       0 |   0.0
            +---------+---------+-------+---------+---------+-------
        D:1 |      24 |       0 |   0.0 |      15 |       0 |   0.0
        D:2 |      54 |       0 |   0.0 |      20 |       0 |   0.0
        D:3 |      16 |       0 |   0.0 |       6 |       0 |   0.0
            +---------+---------+-------+---------+---------+-------
